cohdb
Replays
Latest Replays
All Replays
Popular Replays
Top Player Replays
Match Explorer
How It Works
Community
CoH3 Stats
Reddit
Sign in to upload your games and track your stats! →
Sign in with Steam
Match 46582618
Unlisted
Match 46582618
Overview
Messages
Build Orders
End
Kradschützen Motorcycle Team
Selects Battlefield Espionage Battlegroup
Selects Sector Subterfuge Beacon
Panzergrenadier Squad
Panzergrenadier Squad
Panzergrenadier Squad
Construct Light Support Kompanie
2.5-tonne Medical Truck
Panzerjäger Mechanized Group
Construct Mechanized Kompanie
Selects Plunder
Selects 250/3 Funkpanzerwagen
Veteran Squad Leaders
8 Rad Armored Car
Vehicle Survival Package
254 Reconnaissance Tractor
Marder III Tank Destroyer
Assault Mechanized Group
8 Rad Armored Car
Marder III Tank Destroyer
Construct Panzerarmee Kommand
Dark Lord Cthulhu
camkool
0
0
Comments
sign in to comment!
No comments posted yet!